 Dungeon Crawl Stone Soup version 0.28.0 (webtiles) character file.

Game seed: 9762027968666325021

2037 issech the Cudgeller (level 9, 0/78 HPs)
             Began as a Troll Monk on Feb 5, 2022.
             Was a Priest of Hepliaklqana.
             Slain by a slime creature (19 damage)
             ... on level 7 of the Dungeon on Feb 6, 2022.
             The game lasted 00:25:55 (7160 turns).

issech the Cudgeller (Troll Monk)                   Turns: 7160, Time: 00:25:55

Health: 0/78       AC:  5    Str: 21    XL:     9   Next: 4%
Magic:  8/8        EV:  8    Int:  6    God:    Hepliaklqana [***...]
Gold:   328        SH: 13    Dex: 16    Spells: 8/8 levels left

rFire   . . .      SeeInvis .   G - +3 flail (holy)
rCold   . . .      Faith    .   K - +1 tower shield
rNeg    . . .      Spirit   .   b - +0 robe
rPois   +          Reflect  .   (helmet restricted)
rElec   .          Harm     .   E - +0 cloak
rCorr   .          Rampage  .   (gloves unavailable)
Will    .....                   (boots unavailable)
Stlth   ++........              (no amulet)
HPRegen 1.03/turn               H - ring of poison resistance
MPRegen 0.11/turn               (no ring)

@: no status effects
A: reduced essence, large, unfitting armour, claws 3, regeneration 1, shaggy fur
1, tough skin 1
a: Renounce Religion, Recall Ancestor, Ancestor Identity, Transference


You were on level 7 of the Dungeon.
You worshipped Hepliaklqana.
Hepliaklqana was most pleased with you.
You visited 2 branches of the dungeon, and saw 8 of its levels.
You also visited: Sewer.

You collected 328 gold pieces.

Inventory:

Hand Weapons
 a - a +0 hand axe
 h - a +0 flail
 l - a +0 glaive
 p - a +0 hand axe of electrocution
 u - a +1 war axe of freezing
 G - a +3 flail of holy wrath (weapon)
 J - a +1 rapier of draining
 L - a +0 shortbow
 O - a +0 hunting sling
 T - a +0 dagger of draining
 U - a +0 dagger of venom
Missiles
 f - 178 stones (quivered)
 g - 16 bolts
 m - 59 arrows
 q - 53 sling bullets
 w - 4 datura-tipped darts
 y - 10 poisoned darts
 M - a boomerang
 S - 6 curare-tipped darts
Armour
 b - a +0 robe (worn)
 E - a +0 cloak (worn)
 F - a scarf of invisibility
 K - a +1 tower shield (worn)
 P - a +4 chain mail of cold resistance
Jewellery
 H - a ring of poison resistance (left claw)
 V - an amulet of regeneration
Wands
 s - a wand of flame (17)
 I - a wand of mindburst (5)
 N - a wand of acid (11)
Scrolls
 d - 2 scrolls of teleportation
 i - 5 scrolls of fog
 j - a scroll of enchant weapon
 r - 2 scrolls of amnesia
 t - 3 scrolls of holy word
 A - a scroll of vulnerability {unknown}
 R - a scroll of noise {unknown}
Potions
 c - 4 potions of curing {unknown}
 e - a potion of cancellation {unknown}
 k - a potion of mutation {unknown}
 n - a potion of brilliance {unknown}
 o - a potion of lignification {unknown}
 v - 5 potions of heal wounds {unknown}
 x - a potion of degeneration {unknown}
 z - a potion of might {unknown}
 B - a potion of resistance {unknown}
 C - 2 potions of experience {unknown}
 D - a potion of attraction {unknown}
 Q - a potion of flight {unknown}


   Skills:
 + Level 4.9 Fighting
 + Level 2.8(5.1) Axes
 + Level 7.3(7.7) Maces & Flails
 + Level 4.7 Dodging
 + Level 2.0 Stealth
 + Level 2.3 Shields


You had 8 spell levels left.
You didn't know any spells.
Your spell library contained the following spells:

 Spells                   Type           Power      Damage    Failure   Level
 Slow                     Hex            0%         N/A       98%         1
 Corpse Rot               Necr/Air       0%         N/A       99%         2
 Ensorcelled Hibernation  Hex/Ice        0%         N/A       99%         2
 Poisonous Vapours        Pois/Air       0%         N/A       99%         2
 Confusing Touch          Hex            0%         N/A       100%        3
 Spider Form              Tmut/Pois      0%         N/A       100%        3
 Tukima's Dance           Hex            0%         N/A       100%        3
 Vampiric Draining        Necr           0%         2d6       100%        3
 Anguish                  Hex/Necr       0%         N/A       100%        4
 Enfeeble                 Hex            0%         N/A       100%        7


Dungeon Overview and Level Annotations

Branches:
Dungeon (7/15)             Temple (1/1) D:5           Sewer (visited)

Altars:
Ashenzari
Cheibriados
Dithmenos
Elyvilon
Fedhas
Gozag
Hepliaklqana
Kikubaaqudgha
Makhleb
Nemelex Xobeh
Okawaru
Qazlal
Ru
Sif Muna
Uskayaw
Vehumet
Wu Jian
Xom
Yredelemnul
Zin
The Shining One

Shops:
D:5 !


Innate Abilities, Weirdness & Mutations

Your life essence is reduced to manifest your ancestor. (-10% HP)
You are too large for most types of armour.
You have claws for hands.
Your natural rate of healing is unusually fast.
You are covered in fur. (AC +1)
You have tough skin. (AC +1)


Message History

The bullfrog swells and bulges.
You block the bullfrog's attack. The orc hits you with a +0 short sword.
A centaur zombie comes into view.
The orc priest hits you but does no damage.
You hit the bullfrog.
The bullfrog is lightly wounded.
You block the bullfrog's attack. You block the orc's attack.
You block the bullfrog's attack.
The orc priest hits you with a +0 hand axe.
The orc hits you with a +0 short sword.
* * * LOW HITPOINT WARNING * * *
The orc priest calls down the wrath of Beogh upon you.
Pain shoots through your body!
* * * LOW HITPOINT WARNING * * *
You block the bullfrog's attack. You block the bullfrog's attack.
The vampire gestures wildly while chanting.
The vampire flickers and vanishes!
Deactivating autopickup; reactivate with Ctrl-A.
The bullfrog hits you.
* * * LOW HITPOINT WARNING * * *
As you read the scroll of teleportation, it crumbles to dust.
You feel strangely unstable. You block the centaur zombie's attack.
The centaur zombie kicks you but does no damage.
You block the bullfrog's attack. The orc hits you with a +0 short sword.
* * * LOW HITPOINT WARNING * * *
The centaur zombie hits you.
* * * LOW HITPOINT WARNING * * *
The centaur zombie closely misses you. You block the bullfrog's attack.
Your surroundings suddenly seem different.
A slime creature comes into view.
A slime creature is nearby!
The slime creature quivers.
The slime creature quivers.
You block the slime creature's attack.
You hit the slime creature.
The slime creature is lightly wounded.
The slime creature hits you!!
You die...

#########
#........
#....##
##@.#..#.
##.J.##...#
#....###.##
#.###.##.##
#..###.#.#J
##..####.##
##.....⌠..
..####.##
..###.#.#


You could see 2 slime creatures.

Vanquished Creatures
  Edmund (D:4)
  A black bear (D:6)
  A sky beast (D:5)
  An orc warrior (D:7)
  An ogre (D:6)
  A centaur (D:5)
  A phantom (D:6)
  A scorpion (D:5)
  A jelly (D:4)
  An iguana (D:5)
  Ijyb (D:3)
  Natasha (D:3)
  A killer bee zombie (D:6)
  A hound skeleton (D:4)
  A gnoll (D:1)
  11 adders
  3 river rats (Sewer)
  A shadow imp (D:5)
  An adder skeleton (D:2)
  5 worms
  A dart slug (D:2)
  3 orcs
  5 bats
  7 endoplasms
  10 giant cockroaches
  4 goblins
  11 hobgoblins
  16 jackals
  10 kobolds
  3 quokkas (D:1)
  13 ball pythons
  4 frilled lizards
  8 rats
131 creatures vanquished.

Vanquished Creatures (collateral kills)
  A water moccasin (D:6)
  An ice beast (D:5)
  A centaur (D:6)
  A phantom (D:5)
  2 kobold brigands (D:6)
  A bullfrog (D:6)
  Blork the orc (D:3)
  A scorpion (D:6)
  A wyvern skeleton (D:6)
  A centaur zombie (D:5)
  A jelly (D:5)
  An iguana (D:5)
  4 orc wizards
  11 orcs
  3 kobolds (D:6)
31 creatures vanquished.

Vanquished Creatures (others)
  A battlemage (D:7)
  22 plants (Sewer)
23 creatures vanquished.

Grand Total: 185 creatures vanquished

Notes
Turn   | Place    | Note
-------+----------+-------------------------------------------
     0 | D:1      | issech the Troll Monk began the quest for the Orb.
     0 | D:1      | Reached XP level 1. HP: 22/22 MP: 0/0
   246 | D:1      | Reached XP level 2. HP: 23/29 MP: 1/1
   519 | D:1      | Reached XP level 3. HP: 36/36 MP: 2/2
   988 | D:1      | Reached skill level 1 in Maces & Flails
  1400 | D:2      | Reached XP level 4. HP: 44/44 MP: 3/3
  1764 | D:2      | Reached skill level 2 in Maces & Flails
  1847 | D:2      | Found a faded altar of an unknown god.
  2136 | D:3      | Noticed Ijyb
  2147 | D:3      | Killed Ijyb
  2195 | D:3      | Reached XP level 5. HP: 49/52 MP: 4/4
  2702 | D:3      | Found a glowing drain.
  2734 | D:3      | Reached skill level 3 in Maces & Flails
  2745 | Sewer    | Entered a sewer
  3364 | Sewer    | Reached XP level 6. HP: 59/61 MP: 5/5
  3747 | D:3      | Noticed Natasha
  3758 | D:3      | Killed Natasha
  4142 | D:4      | Noticed Edmund
  4272 | D:4      | Killed Edmund
  4273 | D:4      | Reached skill level 4 in Maces & Flails
  4429 | D:4      | Noticed Blork the orc
  4698 | D:5      | Entered Level 5 of the Dungeon
  4706 | D:5      | Noticed a sky beast
  4721 | D:5      | Killed a sky beast
  4722 | D:5      | Reached XP level 7. HP: 56/67 MP: 6/6
  4846 | D:5      | Found a staircase to the Ecumenical Temple.
  4865 | Temple   | Entered the Ecumenical Temple
  5083 | Temple   | Became a worshipper of Hepliaklqana the Forgotten
  5083 | Temple   | Reached * piety under Hepliaklqana
  5083 | Temple   | Reached ** piety under Hepliaklqana
  5084 | Temple   | Remembered your ancestor Agathocles as a battlemage
  5153 | D:5      | Reached skill level 5 in Maces & Flails
  5550 | D:5      | Found Kyll's Distillery.
  5775 | D:3      | Killed Blork the orc
  5776 | D:3      | Reached XP level 8. HP: 51/70 MP: 7/7
  5878 | D:5      | Reached skill level 6 in Maces & Flails
  6318 | D:6      | Reached skill level 1 in Shields
  6472 | D:6      | Reached skill level 7 in Maces & Flails
  6589 | D:6      | Reached *** piety under Hepliaklqana
  7142 | D:7      | Reached XP level 9. HP: 45/78 MP: 8/8
  7160 | D:7      | Slain by a slime creature

Illustrated notes

Levels and vault maps discovered:
D:1:      dpeg_arrival_circle_labyrinth_c, layout_basic, st_stairs_7,
          minmay_shallow_snake_nest
D:2:      layout_rooms, hellmonk_ecumenical_altar_arch_garden,
          minmay_fractal_squares_5
D:3:      minmay_inner_zag, layout_basic, gup_sewer_entry_glass,
          grunt_decor_one_mirror, grunt_ministairs_4, uniq_ijyb, uniq_natasha
D:4:      layout_rooms, uniq_edmund, uniq_blork_the_orc
D:5:      layout_cave_pods, temple_fountains, serial_shops, kennysheep_mini,
          minmay_misc_feat_hallway
D:6:      cheibrodos_thug_alley, layout_basic
D:7:      layout_rooms, kb_rosetta
Temple:   mainiacjoe_temple_archimedes_tessellation

Skill      XL: |  1  2  3  4  5  6  7  8 |
---------------+-------------------------+-----
Maces & Flails | 1 2 3 4 5 7 |  7.3
Dodging        | 3 4 |  4.7
Fighting       | 3 4 |  4.9
Shields        | 2 |  2.3
Stealth        | 2 |  2.0
Axes           | |  2.8

Action                   |  1- 3 |  4- 6 |  7- 9 || total
-------------------------+-------+-------+-------++-------
Melee: Hand axe          |    13 |       |       ||    13
       Punch             |     1 |     7 |       ||     8
       Flail             |   111 |   328 |    87 ||   526
Invok: Ancestor Life: Ba |       |       |     1 ||     1
  Use: Scroll            |       |     4 |     8 ||    12
 Stab: Sleeping          |       |     2 |       ||     2
       Distracted        |       |       |     1 ||     1
Armor: Robe              |    84 |   129 |    31 ||   244
Dodge: Dodged            |   107 |   220 |    39 ||   366
Block: Tower shield      |       |       |    78 ||    78
